 Dungeon Crawl Stone Soup version 0.22.1-1-ga44c0e5 (webtiles) character file.

270 WiggleWoom the Ruffian (level 6, -4/62 HPs)
             Began as a Troll Wizard on Sept 20, 2018.
             Slain by a killer bee (5 damage)
             ... on level 3 of the Dungeon.
             The game lasted 00:06:42 (3347 turns).

WiggleWoom the Ruffian (Troll Wizard)               Turns: 3347, Time: 00:06:43

Health: -4/62      AC:  4    Str: 18    XL:     6   Next: 1%
Magic:  8/8        EV:  9    Int: 16    God:
Gold:   243        SH:  0    Dex:  8    Spells: 6/9 levels left

rFire    + . .     SeeInvis .     - Unarmed
rCold    . . .     Gourm    +   (no shield)
rNeg     . . .     Faith    .   a - +0 robe
rPois    .         Spirit   .   b - +0 hat
rElec    .         Reflect  .   (no cloak)
rCorr    .         Harm     .   (gloves unavailable)
MR       +....                  (boots unavailable)
Stlth    ++........             (no amulet)
HPRegen  0.60/turn              l - ring of stealth
MPRegen  0.11/turn              o - ring of protection from magic

@: lethally poisoned (-4 -> -5)
A: large, unfitting armour, claws 3, deformed body, fire resistance 1, fast
metabolism 3, gourmand, regeneration 1, robust 1, shaggy fur 1, strong 1, tough
skin 2
a: no special abilities


You were on level 3 of the Dungeon.
You were very full.

You visited 1 branch of the dungeon, and saw 4 of its levels.

You collected 243 gold pieces.

Inventory:

Armour
 a - a +0 robe (worn)
 b - a +0 hat (worn)
Jewellery
 l - a ring of stealth (left claw)
 o - a ring of protection from magic (right claw)
Wands
 q - a wand of digging (15)
Scrolls
 c - a scroll of magic mapping {unknown}
 f - 2 scrolls of fear {unknown}
 g - 6 scrolls of identify {unknown}
 h - 3 scrolls of enchant weapon {unknown}
 i - 3 scrolls of remove curse {unknown}
 j - a scroll of immolation {unknown}
 k - a scroll of blinking {unknown}
 n - a scroll of enchant armour {unknown}
Potions
 e - 2 potions of mutation
 m - a potion of brilliance {unknown}
 p - a potion of curing
 s - 2 potions of agility {unknown}
Comestibles
 d - 8 rations


   Skills:
 * Level 2.0 Fighting
 - Level 1.5 Dodging
 - Level 1.0 Stealth
 * Level 4.8 Unarmed Combat
 - Level 2.0 Spellcasting
 - Level 0.6 Conjurations
   Level 0.6 Summonings
 * Level 1.3 Translocations


You had 6 spell levels left.
You knew the following spells:

 Your Spells              Type           Power        Failure   Level  Hunger
a - Magic Dart            Conj           #...         16%         1    #......
b - Blink                 Tloc           N/A          19%         2    ###....

Your spell library contained the following spells:

 Spells                   Type           Power        Failure   Level  Hunger
 Call Imp                 Summ           #.......     24%         2    ###....
 Slow                     Hex            #.......     30%         2    ###....
 Conjure Flame            Conj/Fire      #.......     50%         3    ###....
 Mephitic Cloud           Conj/Pois/Air  #.......     50%         3    ###....


Dungeon Overview and Level Annotations

Branches:
Dungeon (4/15)
 Temple: D:4-7

Altars:

Annotations:
D:4 exclusion: ogre


Innate Abilities, Weirdness & Mutations

You are too large for most types of armour.
You have claws for hands.
Your metabolism is lightning-fast.
You like to eat raw meat.
Your natural rate of healing is unusually fast.
You are covered in fur. (AC +1)
You have very tough skin. (AC +2)
Armour fits poorly on your strangely shaped body.
Your flesh is heat resistant. (rF+)
You are robust. (+10% HP)
Your muscles are strong. (Str +2)


Message History

There is a stone staircase leading down, spattered with blood here.
It was a potion of mutation.
You feel extremely strange.
You feel stronger.
You feel resistant to heat.
Your body twists and deforms.
You feel robust.
You feel sick. The killer bee barely misses you. The killer bee stings you!
* * * LOW HITPOINT WARNING * * *
The killer bee closely misses you.
The killer bee stings you but does no damage.
It was a potion of curing.
You feel better. The killer bee closely misses you.
The killer bee barely misses you. The killer bee stings you.
* * * LOW HITPOINT WARNING * * *
You are poisoned.
The killer bee poisons you! The killer bee stings you!
* * * LOW HITPOINT WARNING * * *
Okay, then.
Evoke which item? (* to show all) (? for menu, Esc to quit)
Okay, then.
* * * LOW HITPOINT WARNING * * *
You feel sick. The killer bee stings you.
You die...

#..........##.
##########.##. #(##.
############ #.###
#..........# #)#
#..........# #.###
#..........####....
#[yy...............
#.@................
#.[[.......##.#....
##.######'###.#....
#.######.###.#....
#............#....
###########.#####....
#.....#...#.# #....
#.###.#.#.#.# #.###
#.# #.#.#.#.# #.###


You could see 2 killer bees.

Vanquished Creatures
  An orc priest (D:2)
  4 orc wizards
  A worker ant (D:4)
  Robin (D:2)
  2 adders
  An ooze (D:1)
  A worm (D:3)
  8 orcs
  10 bats
  2 giant cockroaches
  14 goblins
  5 hobgoblins
  7 kobolds
  2 quokkas
  A ball python (D:3)
  4 frilled lizards
  4 rats
68 creatures vanquished.

Notes
Turn   | Place    | Note
-------+----------+-------------------------------------------
     0 | D:1      | WiggleWoom the Troll Wizard began the quest for the Orb.
     0 | D:1      | Reached XP level 1. HP: 16/16 MP: 2/2
    99 | D:1      | Reached skill level 1 in Unarmed Combat
    99 | D:1      | Reached XP level 2. HP: 19/26 MP: 4/4
   103 | D:1      | Reached skill level 1 in Fighting
   572 | D:2      | Learned a level 2 spell: Blink
   678 | D:2      | Reached XP level 3. HP: 33/33 MP: 5/5
   690 | D:2      | Reached skill level 2 in Unarmed Combat
   817 | D:2      | Noticed Robin
   854 | D:2      | Killed Robin
  1483 | D:2      | Reached XP level 4. HP: 41/41 MP: 6/6
  1571 | D:2      | Reached skill level 1 in Translocations
  1728 | D:2      | Reached skill level 3 in Unarmed Combat
  2006 | D:3      | Reached XP level 5. HP: 49/49 MP: 7/7
  2445 | D:3      | Reached skill level 4 in Unarmed Combat
  3136 | D:3      | Reached XP level 6. HP: 25/57 MP: 8/8
  3345 | D:3      | Gained mutation: Your muscles are strong. (Str +2) [potion
                  | of mutation]
  3345 | D:3      | Gained mutation: Your flesh is heat resistant. (rF+)
                  | [potion of mutation]
  3345 | D:3      | Gained mutation: Armour fits poorly on your strangely
                  | shaped body. [potion of mutation]
  3345 | D:3      | Gained mutation: You are robust. (+10% HP) [potion of
                  | mutation]
  3346 | D:3      | HP: 2/62 [killer bee (8)]
  3347 | D:3      | Slain by a killer bee

Skill      XL: |  1  2  3  4  5 |
---------------+----------------+-----
Unarmed Combat | 1 2 3 4 |  4.8
Fighting       | 1 2 |  2.0
Translocations | 1 |  1.3
Dodging        | |  1.5
Stealth        | |  1.0
Spellcasting   | |  2.0
Conjurations   | |  0.6
Summonings     | |  0.6

Action                   |  1- 3 |  4- 6 || total
-------------------------+-------+-------++-------
Melee: Unarmed           |   148 |   101 ||   249
       Punch             |       |     2 ||     2
  Use: Potion            |       |     2 ||     2
 Stab: Sleeping          |       |     1 ||     1
  Eat: Chunk             |    17 |    17 ||    34
Armor: Robe              |    78 |    30 ||   108
Dodge: Dodged            |    95 |    33 ||   128
